 Dungeon Crawl Stone Soup version 0.27-a0-1181-g5f64966fcc (webtiles) character file.

Game seed: 3420078138095381472

20507 Sobieck the Skirmisher (level 12, -4/138 HPs)
             Began as a Demonspawn Fire Elementalist on May 17, 2021.
             Was an Elder of Vehumet.
             Slain by a seven-headed hydra (9 damage)
             ... on level 3 of the Lair of Beasts.
             The game lasted 00:43:15 (18353 turns).

Sobieck the Skirmisher (DsFE)                      Turns: 18353, Time: 00:43:16

Health: -4/138     AC: 30    Str:  8    XL:     12   Next: 46%
Magic:  10/22      EV:  2    Int: 28    God:    Vehumet [****..]
Gold:   1129       SH:  4    Dex: 14    Spells: 8/24 levels left

rFire    . . .     SeeInvis .   a - +0 dagger (venom) {short}
rCold    . . .     Faith    .   (no shield)
rNeg     + + +     Spirit   .   (armour currently unavailable)
rPois    +         Reflect  .   (helmet unavailable)
rElec    .         Harm     .   (cloak currently unavailable)
rCorr    .         Rampage  .   (gloves currently unavailable)
Will     .....     NoTele   +   (boots currently unavailable)
Stlth    +++.......             O - amulet of magic regeneration {@e2}
HPRegen  0.33/turn              B - ring of wizardry
MPRegen  0.43/turn              D - +6 ring of intelligence

@: tree-form, spiked, very slightly contaminated
A: stationary, stasis, torment immunity, boosted hp, (antennae 3), repulsion
field 1, icemail 1, condensation shield, demonic magic 2
a: Renounce Religion


You were on level 3 of the Lair of Beasts.
You worshipped Vehumet.
Vehumet was greatly pleased with you.
You were a tree.
You visited 2 branches of the dungeon, and saw 14 of its levels.

You collected 1129 gold pieces.


Innate Abilities, Weirdness & Mutations

You are a tree.
Your roots penetrate the ground, keeping you stationary.
You cannot be teleported.
You are immune to unholy pain and torment.
Your maximum health is greatly increased.
Your equipment is partially melded.
((You have a pair of large antennae on your head. (SInv)))
You are surrounded by a mild repulsion field. (EV +2)
A meltable icy envelope protects you from harm. (AC +4)
A meltable shield of frost defends you. (SH +4)
Spells you cast may paralyse nearby enemies.


   Skills:
 + Level 7.7 Fighting
 - Level 6.0 Short Blades
 - Level 3.0 Armour
 + Level 7.6 Dodging
 + Level 6.8 Stealth
 + Level 6.7 Spellcasting
 - Level 7.0 Conjurations
 - Level 7.0 Fire Magic
 + Level 4.4 Poison Magic
 + Level 6.9 Evocations


You had 8 spell levels left.
You knew the following spells:

 Your Spells              Type           Power      Damage    Failure   Level
a - Foxfire               Conj/Fire      100%       2x1d9     1%          1
b - Sticky Flame          Conj/Fire      48%        2d7       1%          4
c - Fireball              Conj/Fire      24%        3d11      1%          5
d - Poisonous Vapours     Pois/Air       44%        N/A       1%          2
e - Olgreb's Toxic Radia  Pois           34%        N/A       1%          4

Your spell library contained the following spells:

 Spells                   Type           Power      Damage    Failure   Level
 Fulminant Prism          Conj/Hex       14%        3d9       1%          4
 Conjure Flame            Conj/Fire      48%        6-21      1%          3
 Inner Flame              Hex/Fire       29%        N/A       1%          3

Inventory:

Hand Weapons
 a - a +0 dagger of venom (weapon) {short}
   (You took it off a goblin on level 2 of the Dungeon)
 c - a +0 whip {mace}
   (You found it on level 2 of the Dungeon)
 h - a +0 dagger {short}
   (You took it off a goblin on level 1 of the Dungeon)
 p - a +0 hand crossbow of freezing {crossbow}
   (You took it off a kobold on level 4 of the Dungeon)
 M - a +1 rapier of venom {short}
   (You found it on level 9 of the Dungeon)
Missiles
 b - 207 stones {throwing}
 f - 73 poisoned darts {throwing}
 k - 8 boomerangs {throwing}
 o - 45 bolts
 y - 108 arrows
 F - a throwing net {=f!fthrowing}
 G - 50 sling bullets
 T - 4 javelins {throwing}
 U - 4 curare-tipped darts {=fthrowing}
Armour
 d - a +1 pair of gloves (melded)
   (You found it on level 2 of the Dungeon)
 i - a +2 robe of the Archmagi (melded)
   (You took it off Sigmund on level 3 of the Dungeon)
 j - a +0 robe
 E - a +0 cloak (melded)
   (You found it on level 7 of the Dungeon)
 R - the +2 plate armour of the Jackalope {rElec}
   (You found it on level 1 of the Lair of Beasts)

   It insulates you from electricity.
Jewellery
 w - a ring of willpower
   (You found it on level 6 of the Dungeon)
 B - a ring of wizardry (left branch)
   (You took it off a wight on level 7 of the Dungeon)
 D - a +6 ring of intelligence (right branch)
   (You found it on level 7 of the Dungeon)
 I - the ring of Shadows {Umbra +Inv Stlth+}
   (You found it on level 8 of the Dungeon)

   [ring of stealth]

   It lets you turn invisible.
   It makes you more stealthy.
 O - an amulet of magic regeneration (around neck) {@e2}
   (You found it on level 9 of the Dungeon)
 P - a ring of protection from cold
   (You found it on level 9 of the Dungeon)
 Q - a ring of resist corrosion
   (You found it on level 1 of the Lair of Beasts)
Wands
 n - a wand of flame (18)
   (You took it off Ijyb on level 3 of the Dungeon)
 J - a wand of paralysis (14)
   (You found it on level 8 of the Dungeon)
 N - a wand of digging (4)
   (You found it on level 9 of the Dungeon)
Scrolls
 l - 2 scrolls of teleportation {@r4}
 r - a scroll of magic mapping {unknown}
 t - 3 scrolls of immolation {!r!r}
 v - 9 scrolls of identify {@r1}
 C - a scroll of blinking {unknown}
 H - a scroll of acquirement {unknown}
 L - a scroll of enchant weapon {unknown}
 S - 2 scrolls of fear {unknown}
Potions
 e - 4 potions of heal wounds {unknown}
 g - 3 potions of curing {unknown}
 m - 2 potions of flight {unknown}
 q - 2 potions of invisibility {unknown}
 s - a potion of lignification {!q}
 u - a potion of cancellation {unknown}
 x - 3 potions of mutation {unknown}
 z - a potion of haste {@q3}
 A - a potion of degeneration {unknown}
 K - a potion of attraction {unknown}

Dungeon Overview and Level Annotations

Branches:
Dungeon (10/15)            Temple (0/1) D:6            Lair (4/6) D:10
    Orc (0/2) D:9
  Swamp: Lair:2-4    Shoals: Lair:2-4     Snake: Lair:2-4    Spider: Lair:2-4

Altars:
Nemelex Xobeh
Qazlal
Sif Muna
Vehumet
Zin

Shops:
D:9 *

Annotations:
D:2 1 runed translucent door, Crazy Yiuf
D:3 2 transporters
D:5 exclusions: downstairs and lemure
D:9 exclusion: downstairs
D:10 Sonja
Lair:2 exclusion: 2 oklob plants

....P≈≈≈≈≈# ..
.....≈≈≈≈#....# .....#
....≈≈≈≈≈......###.....#
....≈≈≈≈≈.............###
..≈≈≈≈≈≈....#P.........P
..#≈≈≈≈≈................
..≈≈≈≈≈......#.......#
..≈≈≈≈≈.......#.....##
..≈≈≈≈..........♣Dk..##
..≈≈≈...............#.#
####............#..H..# #
#......#P..##...##..... #
##..#.##...##...# ...!
####...####...##..## .##
.#..#.## #..##...#
#......# ##.#...##
..##.#.......#P.####


You could see a seven-headed hydra, a wind drake (repels missiles, extremely
poisoned) and a manticore (very poisoned).


Message History

The seven-headed hydra roars!
A manticore comes into view.
A wind drake comes into view.
You feel a surge of power!
You conjure some foxfire!
Malevolent energies surge around you.
The wind drake hisses angrily. 😎 MP[-1]
You lost 1 mp, and now have 21/22 mp.
The foxfire hits the seven-headed hydra!
The foxfire hits the seven-headed hydra.
The wind drake flaps its wings at you.
The air twists around and strikes you!! 😕 HP[-20] MP[+1]
You take 20 damage, and now have 72/92 hp.
MASSIVE DAMAGE!! (PAUSE)
Your mp is fully restored (22).
Casting: Foxfire (safe; 1% risk of failure)
Confirm with . or Enter, or press ? or * to list all spells.
Aiming: Fireball (dangerous; 1% risk of failure)
Press: ? - help, Shift-Dir - straight line, f - seven-headed hydra
Aim: a seven-headed hydra (lightly wounded)
Okay, then.
Casting: Fireball (dangerous; 1% risk of failure)
Confirm with . or Enter, or press ? or * to list all spells.
You feel a surge of power!
You begin to radiate toxic energy.
The wind drake is poisoned.
The manticore is poisoned.
Malevolent energies surge around you.
The wind drake looks even sicker. 😕 MP[-4]
You lost 4 mp, and now have 18/22 mp.
Casting: Olgreb's Toxic Radiance (mildly dangerous; 1% risk of failure)
Confirm with . or Enter, or press ? or * to list all spells.
Aiming: Fireball (dangerous; 1% risk of failure)
Press: ? - help, Shift-Dir - straight line You feel a surge of power!
The fireball explodes!
The fireball engulfs the seven-headed hydra!
Malevolent energies surge around you.
The wind drake looks even sicker. 😕 MP[-4]
You lost 4 mp, and now have 14/22 mp.
Casting: Fireball (dangerous; 1% risk of failure)
Confirm with . or Enter, or press ? or * to list all spells.
Aiming: Fireball (dangerous; 1% risk of failure)
Press: ? - help, Shift-Dir - straight line You feel a surge of power!
You miscast Fireball.
You are very lightly contaminated with residual magic.
Nothing appears to happen.
The wind drake looks as sick as possible!
The manticore looks even sicker.
Your toxic aura wanes.
The wind drake flaps its wings at you. The air twists around and strikes you!
The seven-headed hydra bites you but does no damage.
The seven-headed hydra misses you.
You block the seven-headed hydra's attack.
The seven-headed hydra barely misses you.
You block the seven-headed hydra's attack.
The seven-headed hydra bites you!
The seven-headed hydra closely misses you. 😮 HP[-25] MP[-5]
You take 25 damage, and now have 47/92 hp.
MASSIVE DAMAGE!! (PAUSE)
You lost 5 mp, and now have 9/22 mp.
Unknown command.
As you read the scroll of teleportation {@r4}, it crumbles to dust.
You feel strangely unstable.
The manticore flicks its tail.
The volley of spikes hits you.
The barbed spikes become lodged in your body.
* * * LOW HITPOINT WARNING * * *
The wind drake flaps its wings at you. The air twists around and strikes you!
* * * LOW HITPOINT WARNING * * *
The seven-headed hydra bites you!
* * * LOW HITPOINT WARNING * * *
You block the seven-headed hydra's attack.
The seven-headed hydra completely misses you.
The seven-headed hydra bites you.
* * * LOW HITPOINT WARNING * * *
The seven-headed hydra bites you.
* * * LOW HITPOINT WARNING * * *
The seven-headed hydra barely misses you.
The seven-headed hydra completely misses you. 😱 HP[-32] MP[+1]
You take 32 damage, and now have 15/92 hp.
MASSIVE DAMAGE!! (PAUSE) Really quaff
s - 2 potions of lignification {!q}?
Really quaff the potion of lignification?
You turn into a tree.
Your +0 cloak melds into your body.
Your +1 pair of gloves melds into your body.
Your +2 robe of the Archmagi melds into your body.
You feel strangely numb.
Your roots penetrate the ground.
You feel strangely stable. The wind drake flaps its wings at you.
The air twists around and strikes you.
* * * LOW HITPOINT WARNING * * *
The manticore flicks its tail.
The volley of spikes hits you!
The barbed spikes become lodged in your body.
* * * LOW HITPOINT WARNING * * *
The seven-headed hydra bites you!
You die...

Skill      XL: |  1  2  3  4  5  6  7  8  9 10 11 12 |
---------------+-------------------------------------+-----
Stealth        | 2 3 4 6 |  6.8
Fighting       | 1 2 3 4 5 6 7 |  7.7
Dodging        | 2 3 4 5 6 7 |  7.6
Fire Magic     | 3 4 6 7 |  7.0
Armour         | 1 2 3 |  3.0
Conjurations   | 2 3 4 5 6 7 |  7.0
Spellcasting   | 3 5 6 |  6.7
Short Blades   | 1 2 3 5 6 |  6.0
Poison Magic   | 3 4 |  4.4
Evocations     | 1 6 |  6.9

Action                   |  1- 3 |  4- 6 |  7- 9 | 10-12 || total
-------------------------+-------+-------+-------+-------++-------
Melee: Unarmed           |     1 |       |       |       ||     1
       Whip              |     4 |       |       |       ||     4
       Dagger            |     9 |    12 |    60 |    57 ||   138
       Rapier            |       |       |       |    28 ||    28
 Cast: Foxfire           |    64 |    96 |   311 |   475 ||   946
       Sticky Flame      |       |       |       |    15 ||    15
       Poisonous Vapours |       |       |       |     2 ||     2
       Fireball          |       |       |       |    11 ||    11
       Olgreb's Toxic Ra |       |       |       |     7 ||     7
  Use: Scroll            |     3 |     4 |       |     1 ||     8
       Potion            |       |       |     1 |     1 ||     2
 Stab: Sleeping          |     1 |     2 |     2 |       ||     5
       Paralysed         |     7 |     7 |    20 |    49 ||    83
Armor: Robe              |     8 |     3 |    25 |    59 ||    95
       Skin              |       |       |     9 |       ||     9
Dodge: Dodged            |    14 |     9 |    50 |   160 ||   233
Block: Other             |       |       |    17 |    38 ||    55

Levels and vault maps discovered:
D:1:      minmay_arrival_up_and_down, layout_loops_corners, serial_rivers,
          chequers_serial_rivers_micro_d, chequers_serial_rivers_room_b,
          chequers_serial_rivers_marsh, chequers_serial_rivers_large_a,
          chequers_serial_rivers_room_a, chequers_serial_rivers_room_a
D:2:      cheibrodos_helix_gallery, layout_basic,
          shapermc_ecumenical_altar_mp_urbaneastern, uniq_terence,
          uniq_crazy_yiuf_cottage
D:3:      layout_loops_cross, general_overflow_altar,
          gammafunk_ghost_abyssal_escape, st_stairs_3, kennysheep_cross_room,
          corexii_hall_statues_u, uniq_sigmund
D:4:      layout_layer_cave, jmf_multi_god_temple, minmay_ruined_shrine,
          uniq_duvessa, uniq_ijyb, uniq_robin, uniq_natasha
D:5:      layout_loops_cross, uniq_pikel
D:6:      layout_loops_cross, temple_green, uniq_blork_the_orc, uniq_edmund
D:7:      nzn_winding_woodlands_small [nzn_winding_woodlands_5x15_cabin,
          nzn_winding_woodlands_center_triple_pond,
          nzn_winding_woodlands_5x15_lazy_stream], layout_loops_corners,
          kennysheep_mini, minmay_nine_imps, uniq_harold
D:8:      layout_basic, kennysheep_generic_room_4, uniq_maggie, uniq_psyche
D:9:      layout_basic, orc_0_dummy, minmay_shop_mass, st_stairs_9,
          serial_bayou_pond_a, minmay_fire_ice_demons
D:10:     layout_cave_pools, tso_oasis_becter, david_lair_generic, uniq_sonja,
          uniq_snorg
Lair:1:   layout_long_grid, minivault_25, lemuel_fruit_fields,
          infiniplex_staircase_pool_2, serial_bayou_shore_a, grunt_megastairs_5
Lair:2:   layout_loops_ring, grunt_megastairs_3, minmay_lair_oklob_chamber
Lair:3:   wander_river, layout_layer_cave, minmay_shoals_entry_beasts,
          gauntlet_entry_generic, chequers_serial_rivers_micro_a,
          minmay_lair_oklob_items, uniq_prince_ribbit2
Lair:4:   layout_misc_corridors, spider_nest_entry_web_field,
          serial_bayou_pond_b

Notes
Turn   | Place    | Note
-------+----------+-------------------------------------------
     0 | D:1      | Sobieck the Demonspawn Fire Elementalist began the quest
                  | for the Orb.
     0 | D:1      | Reached XP level 1. HP: 13/13 MP: 3/3
     0 | D:1      | magus.rc [v1.9.6]
   507 | D:1      | Gained mutation: Spells you cast may paralyse adjacent
                  | enemies. [demonic ancestry]
   507 | D:1      | Reached XP level 2. HP: 20/20 MP: 0/5
   868 | D:1      | Reached skill level 2 in Stealth
  1868 | D:2      | Noticed Terence
  1889 | D:2      | Reached skill level 1 in Fighting
  1889 | D:2      | Gained mutation: You have a pair of small antennae on your
                  | head. [demonic ancestry]
  1889 | D:2      | Reached XP level 3. HP: 11/26 MP: 0/6
  2194 | D:1      | Killed Terence
  2195 | D:1      | Reached skill level 2 in Dodging
  2195 | D:1      | Reached skill level 3 in Fire Magic
  2409 | D:2      | Reached skill level 1 in Armour
  2419 | D:2      | Gained mutation: You have a pair of antennae on your head.
                  | [demonic ancestry]
  2419 | D:2      | Reached XP level 4. HP: 32/32 MP: 4/7
  2522 | D:2      | Noticed an ice beast
  2752 | D:2      | Reached skill level 2 in Conjurations
  2940 | D:2      | Found a faded altar of an unknown god.
  3122 | D:2      | Found a runed translucent door.
  3123 | D:2      | Noticed Crazy Yiuf
  3273 | D:2      | Killed an ice beast
  3274 | D:2      | Reached skill level 2 in Fighting
  3274 | D:2      | Reached skill level 2 in Armour
  3274 | D:2      | Reached skill level 3 in Stealth
  3274 | D:2      | Reached skill level 3 in Spellcasting
  3274 | D:2      | Reached XP level 5. HP: 38/38 MP: 2/9
  3836 | D:3      | Found a stormy altar of Qazlal.
  3889 | D:3      | Identified a +2 robe of the Archmagi
  3889 | D:3      | Noticed Sigmund
  3898 | D:3      | Killed Sigmund
  3899 | D:3      | Reached skill level 1 in Short Blades
  3899 | D:3      | Gained mutation: A meltable shield of frost defends you.
                  | (SH +4) [demonic ancestry]
  3899 | D:3      | Reached XP level 6. HP: 30/46 MP: 4/10
  3916 | D:3      | Learned a level 4 spell: Sticky Flame
  4056 | D:4      | Noticed Ijyb
  4064 | D:3      | Killed Ijyb
  4275 | D:3      | Found a transporter.
  4295 | D:3      | Noticed a toenail golem
  4301 | D:3      | Noticed a small abomination
  4334 | D:3      | Found a transporter.
  4766 | D:3      | Gained mutation: You have a pair of large antennae on your
                  | head. (SInv) [demonic ancestry]
  4766 | D:3      | Reached XP level 7. HP: 39/51 MP: 7/11
  5299 | D:4      | Noticed Natasha
  5305 | D:4      | Killed Natasha
  5375 | D:4      | Noticed Robin
  5391 | D:4      | Found a sparkling altar of Nemelex Xobeh.
  5515 | D:4      | Killed Robin
  5663 | D:4      | Noticed Dowan
  5669 | D:4      | Killed Dowan
  5669 | D:4      | Noticed Duvessa
  5670 | D:4      | Reached skill level 3 in Fighting
  5687 | D:4      | Killed Duvessa
  5688 | D:4      | Reached skill level 3 in Armour
  5688 | D:4      | Reached skill level 3 in Dodging
  5688 | D:4      | Reached skill level 3 in Conjurations
  6014 | D:4      | Found a radiant altar of Vehumet.
  6022 | D:4      | Became a worshipper of Vehumet
  6031 | D:4      | Reached skill level 2 in Short Blades
  6033 | D:5      | Entered Level 5 of the Dungeon
  6180 | D:4      | Noticed Natasha
  6191 | D:4      | Killed Natasha
  6192 | D:4      | Reached skill level 4 in Stealth
  6317 | D:4      | Reached skill level 4 in Fire Magic
  6387 | D:4      | Noticed Natasha
  6391 | D:4      | Killed Natasha
  6496 | D:4      | Reached XP level 8. HP: 58/58 MP: 7/12
  6512 | D:4      | Reached skill level 3 in Short Blades
  6631 | D:4      | Reached skill level 4 in Dodging
  7844 | D:6      | Noticed Edmund
  7852 | D:6      | Noticed Blork the orc
  7868 | D:5      | Killed Edmund
  8712 | D:6      | Reached skill level 4 in Fighting
  8712 | D:6      | Reached skill level 4 in Conjurations
  8715 | D:6      | Reached XP level 9. HP: 65/65 MP: 1/14
  8889 | D:6      | Killed Blork the orc
  9437 | D:6      | Reached skill level 4 in Short Blades
  9521 | D:6      | Reached skill level 4 in Spellcasting
  9523 | D:6      | Reached skill level 5 in Fire Magic
  9736 | D:6      | Found a staircase to the Ecumenical Temple.
  9807 | D:7      | Reached * piety under Vehumet
  9807 | D:7      | Offered knowledge of Shock by Vehumet.
  9808 | D:7      | Reached skill level 5 in Dodging
 10154 | D:7      | Noticed an unseen horror
 10161 | D:7      | Killed an unseen horror
 10175 | D:7      | Noticed a boulder beetle
 10195 | D:7      | Killed a boulder beetle
 10196 | D:7      | Reached skill level 5 in Fighting
 10196 | D:7      | Reached skill level 5 in Short Blades
 10196 | D:7      | Reached skill level 5 in Spellcasting
 10196 | D:7      | Reached skill level 5 in Conjurations
 10360 | D:7      | Noticed a gargoyle
 10368 | D:7      | Killed a gargoyle
 10369 | D:7      | Reached skill level 6 in Fire Magic
 10369 | D:7      | Gained mutation: A meltable icy envelope protects you from
                  | harm. (AC +4) [demonic ancestry]
 10369 | D:7      | Reached XP level 10. HP: 60/74 MP: 17/17
 10440 | D:7      | Reached skill level 6 in Conjurations
 10776 | D:8      | Reached skill level 6 in Short Blades
 11210 | D:7      | Learned a level 5 spell: Fireball
 11314 | D:7      | Found a shimmering blue altar of Sif Muna.
 11418 | D:7      | Noticed Harold
 11428 | D:7      | Killed Harold
 11547 | D:6      | magus.rc [v1.9.6]
 11621 | D:7      | Offered knowledge of Poisonous Vapours by Vehumet.
 11722 | D:7      | Learned a level 2 spell: Poisonous Vapours
 12043 | D:9      | Reached ** piety under Vehumet
 12130 | D:8      | Found the ring of Shadows {Umbra +Inv Stlth+}
 12149 | D:8      | Noticed Maggie
 12167 | D:8      | Killed Maggie
 12168 | D:8      | Reached skill level 6 in Fighting
 12168 | D:8      | Reached skill level 1 in Poison Magic
 12363 | D:8      | Noticed Psyche
 12372 | D:8      | Killed Psyche
 12373 | D:8      | Reached skill level 6 in Dodging
 12373 | D:8      | Reached skill level 7 in Fire Magic
 12373 | D:8      | Reached skill level 2 in Poison Magic
 12735 | D:8      | Reached skill level 3 in Poison Magic
 13499 | D:9      | Offered knowledge of Dazzling Flash by Vehumet.
 13586 | D:9      | Reached skill level 1 in Evocations
 13821 | D:10     | Entered Level 10 of the Dungeon
 13896 | D:9      | Found a staircase to the Orcish Mines.
 13933 | D:9      | Reached *** piety under Vehumet
 14263 | D:9      | Found Anysi's Mass Market.
 14761 | D:10     | Noticed a death yak
 14764 | D:10     | Gained mutation: Spells you cast may paralyse nearby
                  | enemies. [demonic ancestry]
 14764 | D:10     | Reached XP level 11. HP: 81/81 MP: 16/18
 14769 | D:10     | Noticed Sonja
 14828 | D:10     | Found a staircase to the Lair.
 14837 | Lair:1   | Entered Level 1 of the Lair of Beasts
 14931 | Lair:1   | Reached skill level 2 in Evocations
 15266 | Lair:1   | Offered knowledge of Olgreb's Toxic Radiance by Vehumet.
 15272 | Lair:1   | Learned a level 4 spell: Olgreb's Toxic Radiance
 15277 | Lair:1   | Reached skill level 5 in Stealth
 15536 | Lair:1   | Noticed a seven-headed hydra
 15546 | Lair:1   | Killed a seven-headed hydra
 15547 | Lair:1   | Reached skill level 7 in Fighting
 15547 | Lair:1   | Reached skill level 7 in Conjurations
 15547 | Lair:1   | Reached skill level 3 in Evocations
 15680 | Lair:1   | Reached skill level 7 in Dodging
 15680 | Lair:1   | Reached skill level 6 in Spellcasting
 15717 | Lair:1   | Reached skill level 4 in Evocations
 15885 | Lair:1   | Reached skill level 6 in Stealth
 15887 | Lair:1   | Reached **** piety under Vehumet
 15891 | Lair:1   | Reached skill level 5 in Evocations
 16041 | Lair:1   | Reached skill level 6 in Evocations
 16208 | Lair:1   | Identified the +2 plate armour of the Jackalope {rElec}
 16735 | Lair:3   | Offered knowledge of Fulminant Prism by Vehumet.
 16929 | Lair:2   | Gained mutation: You are surrounded by a mild repulsion
                  | field. (EV +2) [demonic ancestry]
 16929 | Lair:2   | Reached XP level 12. HP: 91/91 MP: 21/21
 17170 | Lair:2   | Noticed a four-headed hydra
 17181 | Lair:2   | Killed a four-headed hydra
 17796 | Lair:3   | Noticed Prince Ribbit
 17802 | Lair:3   | Reached skill level 4 in Poison Magic
 17805 | Lair:3   | Killed Prince Ribbit
 17916 | Lair:3   | Noticed a five-headed hydra
 17921 | Lair:3   | Killed a five-headed hydra
 18345 | Lair:3   | Noticed a seven-headed hydra
 18352 | Lair:3   | HP: 22/92 [seven-headed hydra (12)]
 18353 | Lair:3   | HP: 5/138 [manticore/volley of spikes (16)]
 18353 | Lair:3   | Slain by a seven-headed hydra

Vanquished Creatures
  A boulder beetle (D:7)
  3 hydras
  Harold (D:7)
  A black mamba (Lair:1)
  A gargoyle (D:7)
  Psyche (D:8)
  7 cane toads
  An unseen horror (D:7)
  Maggie (D:8)
  6 komodo dragons
  A rime drake (Lair:4)
  A polar bear (Lair:2)
  A hornet (D:7)
  2 trolls
  Prince Ribbit (Lair:3)
  7 blink frogs (Lair:3)
  Sigmund (D:3)
  4 wyverns
  14 yaks (Lair:1)
  2 basilisks
  Edmund (D:5)
  Duvessa (D:4)
  13 water moccasins
  A hornet zombie (D:7)
  3 orc warriors
  3 ice beasts
  A necrophage (D:6)
  4 ogres
  12 wolves (Lair:1)
  A centaur (D:8)
  Blork the orc (D:6)
  A scorpion (D:4)
  A gnoll sergeant (D:9)
  A water moccasin zombie (D:6)
  8 bullfrogs
  Dowan (D:4)
  A water moccasin skeleton (D:7)
  A wight (D:7)
  4 howler monkeys
  2 bullfrog zombies
  9 electric eels
  8 crimson imps
  A centaur zombie (D:9)
  6 orc priests
  A gnoll shaman (D:5)
  3 hounds (D:4)
  2 bullfrog skeletons
  3 iguanas
  Terence (D:1)
  Ijyb (D:3)
  Natasha (thrice) (D:4)
  A scorpion zombie (D:5)
  10 orc wizards
  A killer bee zombie (D:7)
  A hound skeleton (D:4)
  A howler monkey zombie (D:10)
  Robin (D:4)
  5 gnolls (D:5)
  10 adders
  3 shadow imps
  A white imp (D:9)
  2 worms
  A dart slug (D:3)
  34 orcs
  3 endoplasms
  5 giant cockroaches
  10 goblins
  10 hobgoblins
  6 jackals
  7 kobolds
  4 quokkas
  13 ball pythons
  2 bats (D:1)
  4 frilled lizards
  A rat (D:2)
292 creatures vanquished.

Vanquished Creatures (collateral kills)
  17 foxfires
17 creatures vanquished.

Vanquished Creatures (others)
  1586 foxfires
  10 fungi
  32 plants
1628 creatures vanquished.

Grand Total: 1937 creatures vanquished

Table legend:
 A = Non-vault XP
 B = Vault XP
 C = Vault XP percentage of total XP
 D = Non-vault monster count
 E = Vault monster count
 F = Vault count percentage of total count
                 A         B        C        D         E       F
            +---------+---------+-------+---------+---------+-------
      Total |   20686 |    8610 |  29.4 |     226 |      66 |  22.6
            +---------+---------+-------+---------+---------+-------
        D:1 |      29 |      38 |  56.7 |      17 |       2 |  10.5
        D:2 |     220 |       1 |   0.5 |      19 |       1 |   5.0
        D:3 |     202 |     281 |  58.2 |      18 |       4 |  18.2
        D:4 |     452 |     375 |  45.3 |      16 |      22 |  57.9
        D:5 |     703 |     173 |  19.7 |      12 |       1 |   7.7
        D:6 |     843 |      94 |  10.0 |      18 |       1 |   5.3
        D:7 |     629 |    3803 |  85.8 |      17 |      17 |  50.0
        D:8 |    1057 |     907 |  46.2 |      31 |       3 |   8.8
        D:9 |     781 |     454 |  36.8 |      11 |       6 |  35.3
       D:10 |      17 |     179 |  91.3 |       1 |       1 |  50.0
     Lair:1 |    9037 |      93 |   1.0 |      42 |       1 |   2.3
     Lair:2 |    2372 |     878 |  27.0 |       6 |       2 |  25.0
     Lair:3 |    3851 |    1334 |  25.7 |      16 |       5 |  23.8
     Lair:4 |     493 |       0 |   0.0 |       2 |       0 |   0.0
            +---------+---------+-------+---------+---------+-------

Illustrated notes

Table legend:
 A = Kills in this place as a percentage of kills in entire the game.
 B = Kills by you in this place as a percentage of kills by you in the entire game.
 C = Kills by friends in this place as a percentage of kills by friends in the entire game.
 D = Other kills in this place as a percentage of other kills in the entire game.
 E = Experience gained in this place as a percentage of experience gained in the entire game.
 F = Experience gained in this place divided by the number of levels of this place that you have seen.
                   A       B       C       D       E      F
               +-------+-------+-------+-------+-------+----------------------
         Total | 100.0 | 100.0 |   N/A |   N/A | 100.0 | 2092.6
       Dungeon |  74.7 |  74.7 |   N/A |   N/A |  38.4 | 1123.8
          Lair |  25.3 |  25.3 |   N/A |   N/A |  61.6 | 4514.5
               +-------+-------+-------+-------+-------+----------------------

Table legend: (Time is in decaauts)
 A = Elapsed time spent in this place.
 B = Non-inter-level travel time spent in this place.
 C = Inter-level travel time spent in this place.
 D = Time resting spent in this place.
 E = Time spent auto-exploring this place.
 F = Levels seen in this place.
 G = Mean time per level.
                   A        B        C        D        E       F      G
               +--------+--------+--------+--------+--------+-----+--------+
         Total |  18416 |  17605 |    811 |   4392 |  10531 |  14 | 1315.4 |
       Dungeon |  14884 |  14180 |    704 |   3520 |   8522 |  10 | 1488.4 |
          Lair |   3531 |   3424 |    107 |    872 |   2009 |   4 |  882.8 |
               +--------+--------+--------+--------+--------+-----+--------+

Top non-repeatable levels by time:
     D:4: 2223 daAuts
     D:7: 2136 daAuts
     D:1: 1967 daAuts
  Lair:1: 1854 daAuts
     D:3: 1586 daAuts
     D:5: 1581 daAuts
     D:9: 1401 daAuts
     D:8: 1391 daAuts
     D:2: 1279 daAuts
     D:6: 1256 daAuts
  Lair:2: 1000 daAuts
  Lair:3: 664 daAuts
    D:10: 59 daAuts
  Lair:4: 12 daAuts
